 Dungeon Crawl Stone Soup version 0.25-a0-167-g836c352ace (webtiles) character file.

Game seed: 10362508700390674293, levelgen mode: deterministic

152205 Flugkiller the Martial Artist (level 16, 0/165 HPs)
             Began as a Troll Fighter on Nov 25, 2019.
             Was a High Priest of Jiyva.
             Slain by a shambling mangrove (7 damage)
             ... on level 4 of the Swamp.
             The game lasted 00:58:02 (27446 turns).

Flugkiller the Martial Artist (Troll Fighter)      Turns: 27446, Time: 00:58:03

Health: 0/165      AC: 15    Str: 13    XL:     16   Next: 38%
Magic:  24/24      EV:  9    Int: 20    God:    Jiyva [*****.]
Gold:   943        SH: 11    Dex: 20    Spells: 19/27 levels left

rFire    + + .     SeeInvis .     - Unarmed
rCold    + + .     Gourm    +   b - +0 shield
rNeg     . . .     Faith    +   X - +0 swamp dragon scales
rPois    +         Spirit   .   m - +2 hat
rElec    +         Reflect  .   U - scarf {rC+ rF+}
rCorr    +         Harm     .   (gloves unavailable)
MR       ++...     Clarity  +   (boots unavailable)
Stlth    +.........             P - amulet of faith
HPRegen  1.17/turn              T - ring "Syajumiw" {rElec MR+ Dex+3}
MPRegen  0.19/turn              G - ring of Amelioration {rPois rF+ rC+ Str+2}

@: about to teleport, grasped by roots, very slightly contaminated, constricted
A: large, unfitting armour, claws 3, hooves 1, icy blue scales 1, clarity, fast
metabolism 3, gourmand, mutation resistance 1, regeneration 2, shaggy fur 1,
strong 1, tough skin 3, wild magic 1, translucent skin 1
}: 2/15 runes: decaying, slimy
a: Request Jelly, Slimify, Cure Bad Mutation, Renounce Religion


You were on level 4 of the Swamp.
You worshipped Jiyva.
Jiyva was extremely pleased with you.
You were full.

You visited 6 branches of the dungeon, and saw 33 of its levels.
You also visited: Ossuary and Ice Cave.

You collected 2479 gold pieces.
You spent 1536 gold pieces at shops.

Inventory:

Missiles
 C - 3 throwing nets (quivered)
 S - 329 arrows
Armour
 b - a +0 shield (worn)
 m - a +2 hat (worn)
   (You acquired it on level 5 of the Lair of Beasts)
 H - a +1 robe of cold resistance
   (You took it off Fannar on level 2 of the Lair of Beasts)
 U - a scarf of resistance (worn)
   (You bought it in a shop on level 10 of the Dungeon)
 X - +0 swamp dragon scales (worn)
   (You found it on level 4 of the Swamp)
 Y - a +0 troll leather armour
   (You found it on level 14 of the Dungeon)
Jewellery
 v - an uncursed ring of fire
   (You found it on level 4 of the Dungeon)
 G - the ring of Amelioration (right claw) {rPois rF+ rC+ Str+2}
   (You found it in an ice cave)

   [ring of strength]

   It affects your strength (+2).
   It protects you from fire.
   It protects you from cold.
   It protects you from poison.
 N - an uncursed ring of ice
   (You took it off Fannar on level 2 of the Lair of Beasts)
 O - a +1 ring of protection
   (You found it on level 2 of the Lair of Beasts)
 P - an amulet of faith (around neck)
   (You found it on level 4 of the Lair of Beasts)
 T - the ring "Syajumiw" (left claw) {rElec MR+ Dex+3}
   (You found it on level 6 of the Lair of Beasts)

   [ring of protection from magic]

   It affects your dexterity (+3).
   It insulates you from electricity.
   It affects your resistance to hostile enchantments.
 W - the amulet of the Air {Inacc +Fly rElec EV+5 RMsl}
   (You found it on level 5 of the Pits of Slime)

   [amulet of inaccuracy]

   It reduces the accuracy of all your attacks.
   It affects your evasion (+5).
   It insulates you from electricity.
   It lets you fly.
   It protects you from missiles.
Wands
 f - a wand of acid (9)
   (You found it in an ice cave)
 i - a wand of disintegration (22)
   (You found it on level 2 of the Dungeon)
 q - a wand of enslavement (6)
   (You found it on level 10 of the Dungeon)
 y - a wand of digging (14)
   (You took it off Grinder on level 5 of the Dungeon)
 K - a wand of iceblast (28)
   (You found it on level 9 of the Dungeon)
 L - a wand of paralysis (40)
   (You found it on level 9 of the Dungeon)
 Z - a wand of clouds (4)
   (You found it in an ice cave)
Scrolls
 a - a scroll of identify
 l - 5 scrolls of teleportation
 n - 3 scrolls of fear
 o - 4 scrolls of magic mapping
 r - 3 scrolls of remove curse
 u - 2 scrolls of immolation
 w - 4 scrolls of amnesia
 x - 3 scrolls of fog
 z - 5 scrolls of vulnerability
 D - 2 scrolls of blinking
 E - 3 scrolls of enchant armour
 I - a scroll of holy word
 V - a scroll of silence
Potions
 c - 6 potions of might
 e - 3 potions of resistance
 g - 3 potions of heal wounds
 h - 2 potions of agility
 j - 4 potions of flight
 k - 3 potions of mutation
 p - 7 potions of curing
 s - 2 potions of brilliance
 t - 4 potions of haste
 A - a potion of lignification
 B - 4 potions of magic
 F - 6 potions of cancellation
 R - 4 potions of invisibility
Miscellaneous
 J - a phial of floods
   (You found it in an ice cave)
Comestibles
 d - 36 rations


   Skills:
 - Level 11.7 Fighting
 - Level 6.0 Dodging
 - Level 9.0 Shields
 - Level 14.1 Unarmed Combat
 - Level 6.1 Spellcasting
 + Level 8.8 Transmutations
 + Level 10.4 Earth Magic
 - Level 5.0 Evocations


You had 19 spell levels left.
You knew the following spells:

 Your Spells              Type           Power        Failure   Level  Hunger
a - Statue Form           Tmut/Erth      ######...    63%         6    #######
b - Sticks to Snakes      Tmut           ######..     1%          2    None

Your spell library contained the following spells:

 Spells                   Type           Power        Failure   Level  Hunger
 Beastly Appendage        Tmut           ######       1%          1    None
 Spider Form              Tmut/Pois      ####......   16%         3    ##.....
 Blade Hands              Tmut           ######....   24%         5    #####..
 Corona                   Hex            #......      30%         1    None
 Shock                    Conj/Air       #...         30%         1    None
 Sting                    Conj/Pois      #...         30%         1    None
 Leda's Liquefaction      Hex/Erth       #####.....   34%         4    ####...
 Ensorcelled Hibernation  Hex/Ice        #.....       43%         2    None
 Poisonous Vapours        Pois/Air       #.....       43%         2    None
 Slow                     Hex            #.......     43%         2    None
 Swiftness                Chrm/Air       #.......     43%         2    None
 Ice Form                 Ice/Tmut       ####....     45%         4    ####...
 Confuse                  Hex            #.......     65%         3    ##.....
 Dazzling Spray           Conj/Hex       #.....       65%         3    ##.....
 Inner Flame              Hex/Fire       #.......     65%         3    ##.....
 Mephitic Cloud           Conj/Pois/Air  #.......     65%         3    ##.....
 Portal Projectile        Hex/Tloc       #.....       65%         3    ##.....
 Static Discharge         Conj/Air       #.......     65%         3    ##.....
 Summon Guardian Golem    Hex/Summ       #.......     65%         3    ##.....
 Tukima's Dance           Hex            #.......     65%         3    ##.....
 Hydra Form               Tmut           ######....   75%         6    #######
 Irradiate                Conj/Tmut      ####......   78%         5    #####..
 Yara's Violent Unravell  Hex/Tmut       ####......   78%         5    #####..
 Bolt of Magma            Conj/Fire/Erth ####......   88%         5    #####..
 Airstrike                Air            #.........   95%         4    ####...
 Cause Fear               Hex            #.........   95%         4    ####...
 Fulminant Prism          Conj/Hex       #.........   95%         4    ####...
 Olgreb's Toxic Radiance  Pois           #.......     95%         4    ####...
 Iron Shot                Conj/Erth      #####.....   99%         6    #######
 Dragon Form              Tmut           ######....   99%         7    #######
 Iskenderun's Battlesphe  Conj/Chrm      #.......     100%        5    #####..
 Lightning Bolt           Conj/Air       #.........   100%        5    #####..
 Metabolic Englaciation   Hex/Ice        #.........   100%        5    #####..
 Silence                  Hex/Air        #.........   100%        5    #####..
 Venom Bolt               Conj/Pois      #.........   100%        5    #####..
 Bolt of Cold             Conj/Ice       #.........   100%        6    #######
 Deflect Missiles         Chrm/Air       #.........   100%        6    #######
 Freezing Cloud           Conj/Ice/Air   #.........   100%        6    #######
 Ozocubu's Refrigeration  Ice            #.........   100%        6    #######
 Simulacrum               Ice/Necr       #.........   100%        6    #######
 Orb of Destruction       Conj           #.........   100%        7    #######
 Spellforged Servitor     Conj/Summ      #.........   100%        7    #######
 Discord                  Hex            #.........   100%        8    #######


Dungeon Overview and Level Annotations

Branches:
Dungeon (15/15)            Temple (1/1) D:7            Lair (6/6) D:9
  Swamp (4/4) Lair:2       Spider (0/4) Lair:3        Slime (5/5) Lair:5
    Orc (2/2) D:12            Elf (0/3) Orc:2        Vaults (0/5) D:14
 Depths (0/5) D:15        Ossuary (visited)           IceCv (visited)

Altars:
Ashenzari
Cheibriados
Dithmenos
Fedhas
Hepliaklqana
Kikubaaqudgha
Makhleb
Okawaru
Ru
Sif Muna
Trog
Uskayaw
Wu Jian
Xom
Zin
The Shining One
Jiyva

Shops:
D:5 ?   D:6 =   D:8 *   D:9 *   D:10 [   D:15 =   Orc:2 ?}:*[   Swamp:1 *

Annotations:
Lair:2 3 runed translucent doors, Killmatronix's ghost, novice DgSu
Swamp:4 Bai Suzhen
Slime:5 Royal Jelly


Innate Abilities, Weirdness & Mutations

You are too large for most types of armour.
You have claws for hands.
Your metabolism is lightning-fast.
You like to eat raw meat.
You heal very quickly.
You are covered in fur. (AC +1)
You have extremely tough skin. (AC +3)
You have large cloven feet.
You are partially covered in icy blue scales. (AC +2)
You possess an exceptional clarity of mind.
You are somewhat resistant to further mutation.
Your muscles are strong. (Str +2)
Your spells are a little harder to cast, but a little more powerful.
Your translucent skin slightly reduces your foes' accuracy. (Stealth)


Message History

The spriggan druid is severely wounded.
Your surroundings suddenly seem different.
A swamp dragon comes into view.
The swamp dragon roars deafeningly!
A six-headed hydra comes into view.
The six-headed hydra roars!
A six-headed hydra comes into view.
The six-headed hydra roars!
A swamp drake comes into view.
The swamp drake roars!
Bai Suzhen, Madame White Snake comes into view.
She is wielding a +0 quarterstaff.
Bai Suzhen roars!
You hear a deafening roar!
A four-headed hydra comes into view.
A shambling mangrove comes into view.
The swamp drake breathes noxious fumes at you.
The noxious blast engulfs Bai Suzhen but does no damage.
You block the swamp dragon's attack.
The swamp dragon claws you but does no damage.
The swamp dragon tramples you but does no damage.
Found 10 stones and a decaying rune of Zot.
A swamp drake and a swamp dragon come into view.
Unknown command.
Unknown command.
Blink to where?
Press: ? - help, Dir - move target cursor You are very lightly contaminated with residual magic.
As you read the scroll of blinking, it crumbles to dust.
You pick up the decaying rune and feel its power.
You now have 2 runes.
Press } to see all the runes you have collected.
As you read the scroll of teleportation, it crumbles to dust.
You feel strangely unstable. The swamp drake closely misses you.
Unknown command.
Unknown command.
The swamp drake bites you but does no damage.
Roots burst forth from the earth!
The grasping roots grab you!
* * * LOW HITPOINT WARNING * * *
The grasping roots constrict you!
The roots' grasp on you weakens, but your attempt to escape fails.
The swamp drake breathes noxious fumes at you.
The noxious blast misses you.
Bai Suzhen roars!
A five-headed hydra appears.
The six-headed hydra bites you but does no damage. x2
The six-headed hydra bites you.
* * * LOW HITPOINT WARNING * * *
You block the six-headed hydra's attack. x2
The six-headed hydra bites you!
* * * LOW HITPOINT WARNING * * *
You die...

♣♣..≈..≈..≈ ##○○○## .≈≈. ♣♣
♣≈≈≈≈≈≈≈≈≈≈##(....## ..t.≈.♣
♣.≈≈≈≈≈≈≈.♣#..n....# ..≈.t≈.♣♣♣
♣♣.≈≈...≈♣##.D.....## ≈.♣≈♣t♣♣≈♣
♣...≈≈.≈♣#....d.D..# ≈♣D.D..≈..
♣≈.♣♣♣≈♣##...fDk...##♣°≈☼°♣.D.≈≈
♣♣≈...♣≈♣##...○.D○..##°.♣≈.k♣..i.
.♣≈≈≈.♣≈≈♣##...kD○.##♣≈○≈.≈.♣♣≈♣.
♣♣.≈.<[.≈♣####○D@###♣.Zt...≈≈♣♣♣♣
♣♣...[≈..≈♣# ######♣≈°♣♣♣.♣... ♣≈
♣.≈....≈≈§≈♣♣# #♣ZZ♣♣ ≈♣....♣
≈§§..♣♣.≈≈≈.≈♣♣##♣ZZ♣♣ ♣♣♣.♣♣
..≈≈.♣♣§(≈≈..≈≈♣ZZ≈♣♣ ♣♣
..≈≈≈♣♣♣♣..♣♣♣..≈♣♣♣ ♣♣♣≈♣♣
♣≈...≈.≈..♣ ♣♣♣ ♣.≈≈..≈≈≈≈♣
♣♣≈...≈≈≈≈♣


You could see Bai Suzhen, a shambling mangrove, 2 six-headed hydras, a
five-headed hydra, a four-headed hydra, 2 swamp dragons, a bog body and 2 swamp
drakes.

Vanquished Creatures
  An Ice Fiend (IceCv)
  Gastronok (Orc:1)
  2 thorn hunters (Swamp:4)
  An ironheart preserver (D:14)
  Azrael (D:12)
  Snorg (D:10)
  Josephine (D:12)
  Harold (D:7)
  An ice dragon (Lair:6)
  12 hydras
  Fannar (Lair:2)
  3 catoblepae (Lair:6)
  3 ghost crabs
  4 centaur warriors
  5 two-headed ogres
  7 alligators
  6 death yaks (Lair:6)
  5 orc high priests (Orc:2)
  A tengu warrior (D:15)
  A spriggan berserker (Swamp:2)
  Sonja (D:10)
  A deep elf knight (Swamp:2)
  Nergalle (Orc:1)
  9 skeletal warriors
  An unseen horror (D:14)
  An unseen horror (shapeshifter) (D:13)
  3 swamp dragons
  3 spriggan druids
  Pikel (D:5)
  A lindwurm (Lair:2)
  4 orc knights (Orc:2)
  2 orc sorcerers (D:15)
  An ugly thing (Swamp:2)
  4 cyclopes
  3 manticores
  A deep elf mage (D:15)
  An ice statue (IceCv)
  9 elephants
  3 black mambas
  A naga mage (D:15)
  6 centaur zombies
  A torpor snail (Lair:5)
  A water nymph (Lair:5)
  15 spiny frogs
  3 centaur skeletons
  5 gargoyles
  An efreet (D:14)
  4 rime drakes
  5 freezing wraiths
  5 ice devils (IceCv)
  10 komodo dragons
  6 anaconda simulacra (IceCv)
  A golden dragon simulacrum (IceCv)
  2 trolls
  A polar bear (Lair:1)
  3 meliai (D:14)
  5 tyrant leeches
  6 hornets
  4 bog bodies
  24 blink frogs
  13 hippogriffs
  Grinder (D:5)
  2 dire elephant simulacra (IceCv)
  A shadow (Swamp:4)
  7 spriggans
  A wyvern (D:9)
  6 wraiths
  5 fire elementals (D:12)
  66 yaks
  6 basilisks
  3 hungry ghosts
  5 vampire mosquitoes
  A steam dragon (D:15)
  2 death yak simulacra (IceCv)
  3 wargs
  3 harpy simulacra (IceCv)
  An iron troll simulacrum (IceCv)
  An acid dragon (D:13)
  12 insubstantial wisps
  3 hell hounds (D:12)
  11 water moccasins
  8 porcupines
  9 swamp worms
  5 hydra simulacra (IceCv)
  5 swamp drakes
  32 orc warriors
  2 sky beasts
  2 black bears (Lair:2)
  4 phantoms
  An ettin simulacrum (IceCv)
  2 ice beasts
  2 slaves (D:5)
  2 necrophages (D:8)
  7 boggarts
  3 wolves (Lair:3)
  12 ogres
  6 crocodiles
  2 big kobolds
  7 centaurs
  17 bullfrogs
  5 scorpions
  5 killer bees
  9 wights
  2 electric eels
  3 draconian simulacra (IceCv)
  8 crimson imps
  2 jellies
  23 orc priests
  6 hounds
  6 iguanas
  Terence (D:2)
  A spriggan simulacrum (IceCv)
  19 orc wizards
  2 troll simulacra (IceCv)
  8 worker ants
  A wolf simulacrum (IceCv)
  3 centaur simulacra (IceCv)
  A hound zombie (D:8)
  2 mummies
  2 howler monkey zombies
  A worker ant zombie (D:8)
  9 adders
  2 naga simulacra (IceCv)
  3 ogre simulacra (IceCv)
  2 shadow imps
  10 white imps
  4 ufetubi (IceCv)
  An ooze (D:5)
  5 adder skeletons
  4 worms
  6 leopard geckos
  67 orcs
  3 giant cockroaches
  7 goblins
  5 hobgoblins
  16 jackals
  3 quokkas
  9 bats
  2 frilled lizards
  6 gnoll skeletons (Ossuary)
  10 kobolds
  7 kobold skeletons (Ossuary)
  A leopard gecko skeleton (D:4)
  11 orc skeletons (Ossuary)
  6 rats
  2 briar patches (Swamp:4)
809 creatures vanquished.

Vanquished Creatures (collateral kills)
  2 orc knights (Orc:2)
  3 orc priests (Orc:2)
5 creatures vanquished.

Vanquished Creatures (others)
  An azure jelly (D:12)
  A fire dragon (D:14)
  2 hydras
  A centaur warrior (D:14)
  A shambling mangrove (Swamp:3)
  An alligator (Swamp:2)
  A swamp dragon (Swamp:1)
  A glowing orange brain (shapeshifter) (D:14)
  2 cyclopes (D:14)
  2 spiny frogs
  A troll (D:14)
  A hornet (Swamp:3)
  A bog body (Swamp:1)
  8 slime creatures
  2 spriggans
  An eye of draining (D:11)
  A yak (D:11)
  A vampire mosquito (Swamp:1)
  An insubstantial wisp (Swamp:2)
  An ice beast (D:14)
  4 orc warriors
  3 boggarts (D:15)
  2 bullfrogs
  2 killer bees (D:12)
  A crimson imp (D:14)
  62 jellies
  2 hounds
  2 orc priests
  An orc wizard (Orc:1)
  A worker ant (D:13)
  An ufetubus (IceCv)
  7 orcs
  A quokka (D:10)
  A kobold (D:13)
  A briar patch (Swamp:4)
  5 fungi
  6 plants
  A withered plant (D:8)
134 creatures vanquished.

Grand Total: 948 creatures vanquished

Notes
Turn   | Place    | Note
-------+----------+-------------------------------------------
     0 | D:1      | Flugkiller the Troll Fighter began the quest for the Orb.
     0 | D:1      | Reached XP level 1. HP: 22/22 MP: 0/0
   145 | D:1      | Reached XP level 2. HP: 29/29 MP: 1/1
   304 | D:1      | Reached skill level 3 in Unarmed Combat
   618 | D:2      | Noticed Terence
   622 | D:2      | Killed Terence
   622 | D:2      | Reached XP level 3. HP: 34/36 MP: 2/2
   635 | D:2      | Found an iron altar of Okawaru.
   640 | D:2      | Reached skill level 4 in Unarmed Combat
   720 | D:2      | Reached XP level 4. HP: 44/44 MP: 3/3
  1394 | D:3      | Reached skill level 5 in Unarmed Combat
  1409 | D:3      | Reached XP level 5. HP: 26/50 MP: 4/4
  1808 | D:3      | Found a shattered altar of Ashenzari.
  1809 | D:3      | Found a snail-covered altar of Cheibriados.
  2035 | D:4      | Reached XP level 6. HP: 58/61 MP: 5/5
  2122 | D:4      | Reached skill level 6 in Unarmed Combat
  2650 | D:5      | Entered Level 5 of the Dungeon
  2741 | D:5      | Reached XP level 7. HP: 67/68 MP: 6/6
  2761 | D:5      | Found Notas's Magic Scroll Boutique.
  2769 | D:5      | Bought a scroll of fear for 42 gold pieces
  2769 | D:5      | Bought a scroll of fog for 24 gold pieces
  2769 | D:5      | Bought a scroll of identify for 24 gold pieces
  2769 | D:5      | Bought a scroll of identify for 24 gold pieces
  2769 | D:5      | Bought a scroll of identify for 24 gold pieces
  2769 | D:5      | Bought a scroll of identify for 24 gold pieces
  2769 | D:5      | Bought a scroll of magic mapping for 42 gold pieces
  3067 | D:5      | Noticed Pikel
  3077 | D:5      | Killed Pikel
  3077 | D:5      | Reached skill level 7 in Unarmed Combat
  3077 | D:5      | Reached XP level 8. HP: 74/79 MP: 7/7
  3101 | D:5      | Noticed Grinder
  3109 | D:5      | Paralysed by Grinder for 5 turns
  3118 | D:5      | Paralysed by Grinder for 6 turns
  3126 | D:5      | Killed Grinder
  3126 | D:5      | Reached skill level 5 in Fighting
  3684 | D:6      | Reached skill level 8 in Unarmed Combat
  3707 | D:6      | Found a sand-covered staircase.
  3715 | Ossuary  | Entered an ossuary
  3866 | Ossuary  | Reached skill level 5 in Shields
  4459 | D:6      | Found Nakosydi's Jewellery Shoppe.
  4700 | D:7      | Noticed a hippogriff
  4705 | D:7      | Killed a hippogriff
  4705 | D:7      | Reached XP level 9. HP: 79/89 MP: 8/8
  4709 | D:7      | Found an ancient bone altar of Kikubaaqudgha.
  4737 | D:7      | Found a staircase to the Ecumenical Temple.
  4768 | Temple   | Entered the Ecumenical Temple
  5077 | D:7      | Found an ancient bone altar of Kikubaaqudgha.
  5146 | D:7      | Noticed Harold
  5506 | D:7      | Killed Harold
  5506 | D:7      | Reached skill level 9 in Unarmed Combat
  6049 | D:8      | Gained mutation: You are somewhat resistant to further
                  | mutation. [potion of mutation]
  6085 | D:8      | Reached XP level 10. HP: 90/101 MP: 9/9
  6501 | D:8      | Found Suforchywk's Assorted Antiques.
  6508 | D:8      | Bought a potion of haste for 230 gold pieces
  6707 | D:9      | Reached skill level 10 in Unarmed Combat
  6772 | D:9      | Found a staircase to the Lair.
  7250 | D:9      | Found Nifoukk's Assorted Antiques.
  7260 | D:9      | Bought a bronze ring for 150 gold pieces
  7739 | Lair:1   | Entered Level 1 of the Lair of Beasts
  8001 | Lair:1   | Reached XP level 11. HP: 69/112 MP: 10/10
  8016 | Lair:1   | Reached skill level 11 in Unarmed Combat
  9149 | Lair:2   | Noticed a lindwurm
  9434 | Lair:2   | Killed a lindwurm
  9770 | Lair:2   | Noticed Fannar
  9955 | Lair:1   | Reached skill level 12 in Unarmed Combat
 10124 | Lair:2   | Killed Fannar
 10199 | Lair:2   | Found a runed translucent gate.
 10199 | Lair:2   | Found a runed translucent gate.
 10199 | Lair:2   | Found a runed translucent gate.
 10199 | Lair:2   | Noticed a nine-headed hydra
 10199 | Lair:2   | Noticed Killmatronix's ghost (novice DgSu)
 10199 | Lair:2   | Noticed a ten-headed hydra
 10432 | Lair:2   | Found a staircase to the Swamp.
 10554 | Lair:3   | Reached skill level 10 in Fighting
 10554 | Lair:3   | Reached XP level 12. HP: 125/125 MP: 11/11
 11190 | Lair:3   | Found a hole to the Spider Nest.
 11724 | Lair:4   | Noticed an eight-headed hydra
 11811 | Lair:4   | Reached skill level 1 in Evocations
 12308 | Lair:4   | Reached skill level 5 in Evocations
 12733 | Lair:4   | Killed an eight-headed hydra
 12808 | Lair:5   | Noticed a six-headed hydra
 12833 | Lair:4   | Reached skill level 13 in Unarmed Combat
 12959 | Lair:5   | Found a viscous altar of Jiyva.
 12959 | Lair:5   | Found a staircase to the Slime Pits.
 13136 | Lair:5   | Noticed Nessos
 13138 | Lair:5   | Noticed Nessos
 13138 | Lair:5   | Nessos changed into Nessos the water nymph
 13148 | Lair:5   | Killed Nessos the water nymph
 13148 | Lair:5   | Reached XP level 13. HP: 71/134 MP: 15/15
 13330 | Lair:5   | Reached skill level 5 in Dodging
 13853 | Lair:6   | Entered Level 6 of the Lair of Beasts
 14878 | Lair:6   | Reached skill level 14 in Unarmed Combat
 15129 | Lair:6   | Learned a level 6 spell: Statue Form
 15321 | Lair:6   | Reached skill level 1 in Earth Magic
 15330 | Lair:6   | Reached skill level 1 in Transmutations
 15349 | Lair:6   | Reached skill level 1 in Spellcasting
 15370 | Lair:6   | Got a heavily runed copper ring
 15375 | Lair:6   | Identified a scroll of acquirement
 15379 | Lair:6   | Identified the ring "Syajumiw" {rElec MR+ Dex+3} (You found
                  | it on level 6 of the Lair of Beasts)
 15617 | Lair:5   | Became a worshipper of Jiyva Jataelo the Shapeless
 15728 | Lair:5   | Reached * piety under Jiyva
 16323 | D:10     | Entered Level 10 of the Dungeon
 16330 | D:10     | Found Qepn's Armour Emporium.
 16365 | D:10     | Bought a scarf of resistance for 480 gold pieces
 16378 | D:10     | Noticed Sonja
 16385 | D:10     | Killed Sonja
 16385 | D:10     | Reached ** piety under Jiyva
 16540 | D:10     | Noticed Snorg
 16549 | D:10     | Killed Snorg
 16549 | D:10     | Reached XP level 14. HP: 128/147 MP: 16/16
 16804 | D:11     | Reached *** piety under Jiyva
 16841 | D:11     | Gained mutation: You have sharp toenails. [Jiyva's grace]
 16989 | D:11     | Reached **** piety under Jiyva
 16991 | D:11     | Gained mutation: Your spells are a little harder to cast,
                  | but a little more powerful. [Jiyva's grace]
 17100 | D:11     | Gained mutation: You are resistant to hostile enchantments.
                  | (MR+) [Jiyva's grace]
 17113 | D:11     | Reached ***** piety under Jiyva
 17464 | D:12     | Noticed Frances
 17470 | D:12     | Slimified Frances
 17470 | D:12     | Noticed Frances
 17470 | D:12     | Frances changed into Frances the azure jelly
 17480 | D:12     | Killed Frances the azure jelly
 17947 | D:12     | Noticed Azrael
 17972 | D:12     | Killed Azrael
 17975 | D:12     | Reached skill level 5 in Earth Magic
 18146 | D:12     | Found a staircase to the Orcish Mines.
 18380 | D:12     | Lost mutation: You are somewhat resistant to further
                  | mutation. [Jiyva's grace]
 18384 | D:12     | Gained mutation: Your translucent skin slightly reduces
                  | your foes' accuracy. (Stealth) [Jiyva's grace]
 18419 | D:12     | Lost mutation: You have sharp toenails. [Jiyva's grace]
 18419 | D:12     | Reached ****** piety under Jiyva
 18566 | D:12     | Noticed Josephine
 18582 | D:12     | Killed Josephine
 18721 | D:9      | Gained mutation: Your translucent skin reduces your foes'
                  | accuracy. (Stealth) [Jiyva's grace]
 18831 | Slime:1  | Entered Level 1 of the Pits of Slime
 18831 | Slime:1  | Noticed an acid blob
 18832 | Slime:1  | Noticed an acid blob
 18839 | Slime:2  | Noticed an azure jelly
 18840 | Slime:2  | Noticed an azure jelly
 18859 | Slime:4  | Noticed an acid blob
 18862 | Slime:4  | Noticed an azure jelly
 18867 | Slime:5  | Entered Level 5 of the Pits of Slime
 18872 | Slime:5  | Gained mutation: Your system is resistant to poisons.
                  | (rPois) [Jiyva's grace]
 18874 | Slime:5  | Gained mutation: You have a somewhat thin skeletal
                  | structure. (Dex +2, Stealth) [Jiyva's grace]
 18876 | Slime:5  | Lost mutation: Your spells are a little harder to cast, but
                  | a little more powerful. [Jiyva's grace]
 18878 | Slime:5  | Gained mutation: You possess an exceptional clarity of
                  | mind. [Jiyva's grace]
 18880 | Slime:5  | Found a viscous altar of Jiyva.
 18881 | Slime:5  | Lost mutation: You possess an exceptional clarity of mind.
                  | [Jiyva's grace]
 18882 | Slime:5  | Noticed an acid blob
 18883 | Slime:5  | Noticed the Royal Jelly
 18884 | Slime:5  | Found the +3 salamander hide armour {+Rage rF++}
 18885 | Slime:5  | Found the amulet of the Air {Inacc +Fly rElec EV+5 RMsl}
 18885 | Slime:5  | Noticed an azure jelly
 18885 | Slime:5  | Lost mutation: You are resistant to hostile enchantments.
                  | (MR+) [Jiyva's grace]
 18887 | Slime:5  | Noticed an acid blob
 18887 | Slime:5  | Noticed an acid blob
 18888 | Slime:5  | Noticed an acid blob
 18899 | Slime:5  | Noticed an acid blob
 18904 | Slime:5  | Identified Fekejaw's Guide on Curses
 18934 | Slime:5  | Got a slimy rune of Zot
 18945 | Slime:5  | Noticed an azure jelly
 18977 | Slime:4  | Noticed an azure jelly
 19434 | D:13     | Gained mutation: You are agile. (Dex +2) [Jiyva's grace]
 19720 | D:13     | Reached skill level 5 in Transmutations
 19804 | D:13     | Lost mutation: You are agile. (Dex +2) [Jiyva's grace]
 19960 | D:14     | Noticed an azure jelly
 19960 | D:14     | a necromancer changed into an azure jelly
 20043 | D:14     | Gained mutation: You are agile. (Dex +2) [Jiyva's grace]
 20142 | D:14     | Gained mutation: Your transparent skin significantly
                  | reduces your foes' accuracy. (Stealth) [Jiyva's grace]
 20602 | D:14     | Found a gate to the Vaults.
 20602 | D:14     | Noticed an ironheart preserver
 20627 | D:14     | Killed an ironheart preserver
 20634 | D:14     | Lost mutation: You are agile. (Dex +2) [Jiyva's grace]
 20776 | D:15     | Entered Level 15 of the Dungeon
 20966 | D:15     | Reached XP level 15. HP: 121/156 MP: 18/18
 21284 | D:15     | Found Meleatucw's Jewellery Emporium.
 21379 | D:15     | Gained mutation: You are partially covered in icy blue
                  | scales. (AC +2) [Jiyva's grace]
 21554 | D:15     | Found a staircase to the Depths.
 21656 | Orc:1    | Entered Level 1 of the Orcish Mines
 21688 | Orc:1    | Noticed an orc warlord
 21733 | D:12     | Slimified an orc warlord
 21733 | D:12     | Noticed an azure jelly
 21733 | D:12     | an orc warlord changed into an azure jelly
 21742 | Orc:1    | Gained mutation: You have a pair of small horns on your
                  | head. [Jiyva's grace]
 21754 | Orc:1    | Lost mutation: You have a somewhat thin skeletal structure.
                  | (Dex +2, Stealth) [Jiyva's grace]
 21777 | Orc:1    | Lost mutation: You have a pair of small horns on your head.
                  | [Jiyva's grace]
 21809 | Orc:1    | Noticed Gastronok
 21832 | Orc:1    | Noticed Nergalle
 21832 | Orc:1    | Gained mutation: You are somewhat resistant to further
                  | mutation. [Jiyva's grace]
 21851 | Orc:1    | Killed Nergalle
 21860 | Orc:1    | Killed Gastronok
 21882 | Orc:1    | Gained mutation: You have a small jelly attached to you
                  | that senses nearby items. [Jiyva's grace]
 21932 | Orc:2    | Entered Level 2 of the Orcish Mines
 21989 | Orc:2    | Found a staircase to the Elven Halls.
 22153 | Orc:2    | Found Fyduruj's Magic Scroll Boutique.
 22505 | Orc:2    | Found Ocoewod's Book Emporium.
 22509 | Orc:2    | Found Redog's Armour Emporium.
 22814 | Orc:2    | Lost mutation: You have a small jelly attached to you that
                  | senses nearby items. [Jiyva's grace]
 22840 | Orc:2    | Gained mutation: Your spells are a little harder to cast,
                  | but a little more powerful. [Jiyva's grace]
 22850 | Orc:2    | Gained mutation: Armour fits poorly on your pseudopods.
                  | [Jiyva's grace]
 22863 | Orc:2    | Lost mutation: Your spells are a little harder to cast, but
                  | a little more powerful. [Jiyva's grace]
 22881 | Orc:2    | Lost mutation: Armour fits poorly on your pseudopods.
                  | [Jiyva's grace]
 22901 | Orc:2    | Lost mutation: Your transparent skin significantly reduces
                  | your foes' accuracy. (Stealth) [Jiyva's grace]
 22917 | Orc:2    | Gained mutation: You heal very quickly. [Jiyva's grace]
 23021 | Orc:2    | Lost mutation: Your system is resistant to poisons. (rPois)
                  | [Jiyva's grace]
 23026 | Orc:2    | Found Hussytwoigh's Gadget Emporium.
 23027 | Orc:2    | Found Dunoat's Assorted Antiques.
 23054 | Orc:2    | Learned a level 2 spell: Sticks to Snakes
 23484 | Swamp:1  | Entered Level 1 of the Swamp
 23537 | Swamp:1  | Gained mutation: You are somewhat resistant to both further
                  | mutation and mutation removal. [Jiyva's grace]
 23592 | Swamp:1  | Lost mutation: You are somewhat resistant to both further
                  | mutation and mutation removal. [Jiyva's grace]
 23650 | Swamp:1  | Lost mutation: Your translucent skin reduces your foes'
                  | accuracy. (Stealth) [Jiyva's grace]
 23686 | Swamp:1  | Gained mutation: Your body sometimes deteriorates upon
                  | taking damage. [Jiyva's grace]
 23729 | Swamp:1  | Found Biywubb's Island Escapes.
 23750 | Swamp:1  | Gained mutation: Your muscles are strong. (Str +2) [Jiyva's
                  | grace]
 23810 | Swamp:1  | Found a frozen archway.
 23819 | IceCv    | Entered an ice cave
 24321 | IceCv    | Reached skill level 5 in Spellcasting
 24425 | IceCv    | Noticed an Ice Fiend
 24560 | IceCv    | Killed an Ice Fiend
 24609 | IceCv    | Identified the ring of Amelioration {rPois rF+ rC+ Str+2}
                  | (You found it in an ice cave)
 25013 | Swamp:1  | Bought a potion of invisibility for 128 gold pieces
 25013 | Swamp:1  | Bought a potion of invisibility for 128 gold pieces
 25013 | Swamp:1  | Bought a scroll of blinking for 120 gold pieces
 25013 | Swamp:1  | Bought a scroll of teleportation for 48 gold pieces
 25013 | Swamp:1  | Bought a potion of flight for 48 gold pieces
 25219 | Swamp:2  | Gained mutation: Your spells are a little harder to cast,
                  | but a little more powerful. [Jiyva's grace]
 25355 | Swamp:2  | Reached XP level 16. HP: 165/165 MP: 23/23
 25434 | Swamp:2  | Gained mutation: You possess an exceptional clarity of
                  | mind. [Jiyva's grace]
 25622 | Swamp:2  | Gained mutation: Your body often deteriorates upon taking
                  | damage. [Jiyva's grace]
 26002 | Swamp:2  | Reached skill level 10 in Earth Magic
 26015 | Swamp:2  | Gained mutation: Potions are less effective at restoring
                  | your health. [Jiyva's grace]
 26436 | Swamp:3  | Lost mutation: Your body often deteriorates upon taking
                  | damage. [Jiyva's power]
 26437 | Swamp:3  | Lost mutation: Potions are less effective at restoring your
                  | health. [Jiyva's power]
 26438 | Swamp:3  | Lost mutation: Your body sometimes deteriorates upon taking
                  | damage. [Jiyva's power]
 26819 | Swamp:4  | Entered Level 4 of the Swamp
 26922 | Swamp:4  | Gained mutation: You have large cloven feet. [Jiyva's
                  | grace]
 26992 | Swamp:4  | Noticed a thorn hunter
 27005 | Swamp:4  | Killed a thorn hunter
 27025 | Swamp:4  | Noticed an acid blob
 27025 | Swamp:4  | an eight-headed hydra changed into an acid blob
 27168 | Swamp:4  | Noticed a thorn hunter
 27193 | Swamp:4  | Killed a thorn hunter
 27441 | Swamp:4  | Noticed Bai Suzhen
 27443 | Swamp:4  | Got a decaying rune of Zot
 27446 | Swamp:4  | HP: 7/165 [six-headed hydra (9)]
 27446 | Swamp:4  | Slain by a shambling mangrove

Levels and vault maps discovered:
D:1:      dpeg_arrival_snail, layout_rooms
D:2:      layout_basic, okawaru_trees_1, uniq_terence
D:3:      layout_rooms, nicolae_overflow_hidden_temple,
          chequers_temple_overflow_statue_of_worship, first_ration
D:4:      layout_loops_cross, minmay_bisected
D:5:      layout_basic, serial_glass, glass_columns_a, glass_columns_a,
          serial_shops, shop, uniq_pikel, uniq_grinder
D:6:      layout_basic, serial_shops, nicolae_shop_waterfront,
          nicolae_ossuary_entry_monument,
          hangedman_abyss_or_decor_jellyfish_corner, grunt_ministairs_2
D:7:      layout_basic, lemuel_crystal_altar, minmay_temple_entry_overgrown,
          basic_altar, uniq_harold
D:8:      layout_loops_ring, serial_undead, serial_undead_e, serial_undead_f,
          serial_undead_f, serial_undead_e, serial_undead_e, serial_undead_b,
          serial_shops, shop
D:9:      layout_roguey, minmay_lair_entry_grove, serial_shops, shop
D:10:     layout_basic, serial_shops, shop, uniq_sonja, uniq_snorg
D:11:     layout_long_grid
D:12:     layout_roguey, erik_orc_4, uniq_frances, uniq_azrael, uniq_josephine
D:13:     layout_stronghold
D:14:     hangedman_cross_stitches, layout_loops_cross,
          skrybe_vaults_entry_preservation, kennysheep_big_empty_room
D:15:     grunt_enter_depths_magical_seal, layout_basic,
          hangedman_decor_diamond_cutter, serial_shops, shop
Temple:   nicolae_temple_x_marks_the_god
Lair:1:   layout_cave_pods, grunt_megastairs_2
Lair:2:   layout_concentric_octagons, swamp_mist, gammafunk_ghost_hydra_chop,
          minivault_19, gammafunk_lair_bear_cave, uniq_fannar
Lair:3:   layout_gridlike, dummy_spider_entry, infiniplex_staircase_pool,
          serial_bayou_shore_a
Lair:4:   layout_hall_layers, lemuel_old_faithful
Lair:5:   layout_small_grid, slime_altar_1, small_statue_intersection,
          uniq_nessos
Lair:6:   evilmike_catoblepas_cave, layout_loops_ring, bobbens_ice_dragon_lair
Swamp:1:  layout_basic_swamp, portal_ice_cave_entry_pillars_1,
          nicolae_swamp_round_clearing, swamp_pool1, nicolae_island_escapes
Swamp:2:  cheibrodos_swamp_heart_of_darkness, layout_basic_swamp,
          evilmike_swamp_ruin_house_1, swamp_pool2, infiniplex_staircase_pool_2
Swamp:3:  layout_falls_marsh, nicolae_swamp_dense_foliage
Swamp:4:  swamp, layout_basic_swamp, uniq_bai_suzhen
Slime:1:  layout_caves
Slime:2:  layout_caves
Slime:3:  layout_caves
Slime:4:  layout_caves
Slime:5
Orc:1:    layout_diamond_mine, uniq_gastronok, uniq_nergalle
Orc:2:    st_orc_pillars, layout_diamond_mine, serial_shops, nicolae_shop_trees

Skill      XL: |  1  2  3  4  5  6  7  8  9 10 11 12 13 14 15 16 |
---------------+-------------------------------------------------+-----
Unarmed Combat | 3 4 5 6 7 8 9 10 12 13 14 | 14.1
Fighting       | 3 4 6 7 8 10 11 | 11.7
Shields        | 3 5 6 8 9 |  9.0
Dodging        | 4 6 |  6.0
Evocations     | 5 |  5.0
Earth Magic    | 2 7 9 10 | 10.4
Transmutations | 2 6 8 |  8.8
Spellcasting   | 1 3 5 6 |  6.1

Action                   |  1- 3 |  4- 6 |  7- 9 | 10-12 | 13-15 | 16-18 || total
-------------------------+-------+-------+-------+-------+-------+-------++-------
Melee: Unarmed           |    41 |   198 |   248 |   635 |  1678 |   298 ||  3098
       Kick              |       |       |       |       |    80 |    29 ||   109
       Pseudopods        |       |       |       |       |     4 |       ||     4
       Headbutt          |       |       |       |       |     1 |       ||     1
Invok: Request Jelly     |       |       |       |       |     2 |       ||     2
       Slimify           |       |       |       |       |     6 |     4 ||    10
       Cure Bad Mutation |       |       |       |       |     1 |     3 ||     4
Evoke: Wand              |       |       |     2 |    10 |    33 |     8 ||    53
  Use: Scroll            |       |       |    18 |    10 |    13 |     7 ||    48
       Potion            |       |       |     1 |       |     4 |     1 ||     6
 Stab: Paralysed         |       |       |       |       |    12 |       ||    12
       Sleeping          |       |       |       |       |     7 |       ||     7
       Distracted        |       |       |       |       |       |     1 ||     1
  Eat: Chunk             |     5 |    25 |    29 |    71 |    79 |    10 ||   219
       Ration            |       |       |     1 |       |       |       ||     1
Armor: Robe              |    14 |    49 |    45 |    92 |   106 |       ||   306
       Troll leather arm |       |       |       |       |   207 |    61 ||   268
       Skin              |       |       |       |       |     3 |       ||     3
       Swamp dragon scal |       |       |       |       |       |    46 ||    46
Dodge: Dodged            |     9 |    62 |    48 |   171 |   737 |   133 ||  1160
Block: Shield            |    17 |    66 |    91 |   280 |   806 |   154 ||  1414

Table legend:
 A = Non-vault XP
 B = Vault XP
 C = Vault XP percentage of total XP
 D = Non-vault monster count
 E = Vault monster count
 F = Vault count percentage of total count
                 A         B        C        D         E       F
            +---------+---------+-------+---------+---------+-------
      Total |  107923 |   69513 |  39.2 |     547 |     266 |  32.7
            +---------+---------+-------+---------+---------+-------
        D:1 |      19 |       0 |   0.0 |      13 |       0 |   0.0
        D:2 |      81 |      36 |  30.8 |      19 |       1 |   5.0
        D:3 |     211 |       0 |   0.0 |      25 |       0 |   0.0
        D:4 |     145 |      79 |  35.3 |      19 |       2 |   9.5
        D:5 |     197 |     931 |  82.5 |       5 |       2 |  28.6
        D:6 |     771 |       5 |   0.6 |      17 |       1 |   5.6
        D:7 |    1000 |     992 |  49.8 |      17 |       1 |   5.6
        D:8 |    1363 |     681 |  33.3 |      20 |      11 |  35.5
        D:9 |     847 |    1889 |  69.0 |      25 |      12 |  32.4
       D:10 |    1017 |    1928 |  65.5 |      15 |       2 |  11.8
       D:11 |    7703 |       0 |   0.0 |      34 |       0 |   0.0
       D:12 |    3570 |    4934 |  58.0 |      18 |      28 |  60.9
       D:13 |    3190 |       0 |   0.0 |      19 |       0 |   0.0
       D:14 |    9908 |    5313 |  34.9 |      35 |      12 |  25.5
       D:15 |    5817 |    4896 |  45.7 |      19 |       8 |  29.6
     Lair:1 |    7983 |       0 |   0.0 |      30 |       0 |   0.0
     Lair:2 |    3461 |    1229 |  26.2 |      14 |       3 |  17.6
     Lair:3 |    5953 |       0 |   0.0 |      28 |       0 |   0.0
     Lair:4 |    9222 |       0 |   0.0 |      30 |       0 |   0.0
     Lair:5 |    4859 |     437 |   8.3 |      16 |       1 |   5.9
     Lair:6 |    8061 |   12557 |  60.9 |      24 |      27 |  52.9
    Swamp:1 |    8464 |       0 |   0.0 |      21 |       0 |   0.0
    Swamp:2 |   10665 |    4646 |  30.3 |      34 |       8 |  19.0
    Swamp:3 |    3610 |       0 |   0.0 |       9 |       0 |   0.0
    Swamp:4 |    6667 |    3378 |  33.6 |      11 |       5 |  31.2
      Orc:1 |    1138 |    2938 |  72.1 |      18 |       2 |  10.0
      Orc:2 |    2001 |   10491 |  84.0 |      12 |      56 |  82.4
    Ossuary |       0 |     247 | 100.0 |       0 |      26 | 100.0
      IceCv |       0 |   11906 | 100.0 |       0 |      58 | 100.0
            +---------+---------+-------+---------+---------+-------
